Cogmind - Beta 9.1 @@@ ROGUE MODE // 2019.11.03 @ 12:22:46 Player: MrPainting Result: Self-destructed Performance ------------- Evolutions (1) 500 Regions Visited (2) 400 Robots Destroyed (13) 65 Value Destroyed (251) 251 Prototype IDs (1) 20 Alien Tech Used (0) 0 Bonus (0) 0 TOTAL SCORE: 1236 Bonus ------- None Cogmind --------- Core Integrity 386/400 Matter 95/300 Energy 112/250 System Corruption 1% Temperature Cool (2) Location -9/Materials Parts ------- Power (1) Ion Engine Propulsion (3) Flight Unit Utility (3) Small Storage Unit Weight Redist. System Weapon (2) Grenade Launcher Inventory (6) Light Ion Engine Large Storage Unit High-capacity Matter Pod (0) Grenade Launcher Grenade Launcher Peak State ------------ Power Light Ion Engine Propulsion Flight Unit Flight Unit Flight Unit Utility Small Storage Unit Weight Redist. System Weapon Advanced Beam Cannon Inventory Large Storage Unit High-capacity Matter Pod Grenade Launcher Grenade Launcher Grenade Launcher [Rating: 10] Favorites ----------- Power Light Ion Engine Engine Light Ion Engine Propulsion Aluminum Leg Leg Aluminum Leg Flight Unit Flight Unit Utility Small Storage Unit Device Weight Redist. System Storage Small Storage Unit Weapon Medium Laser Energy Gun Medium Laser Energy Cannon Advanced Beam Cannon Launcher Grenade Launcher Build | -11 -10 -9 ------- Run | Scr Mat Mat Slots Evolved 2 | . . 2 Power . | . . . Propulsion 1 | . . 1 Utility 1 | . . 1 Weapon . | . . . Parts Attached 17 | 6 4 7 Power 3 | 1 . 2 Engine 3 | 1 . 2 Core . | . . . Reactor . | . . . Propulsion 5 | 2 2 1 Treads . | . . . Leg 2 | 2 . . Wheel . | . . . Hover . | . . . Flight 3 | . 2 1 Utility 3 | 1 1 1 Device 2 | . 1 1 Storage 1 | 1 . . Processor . | . . . Hackware . | . . . Protection . | . . . Artifact . | . . . Weapon 6 | 2 1 3 Energy Gun 2 | 2 . . Energy Cannon 1 | . . 1 Ballistic Gun . | . . . Ballistic Cannon . | . . . Launcher 3 | . 1 2 Special Weapon . | . . . Impact Weapon . | . . . Slashing Weapon . | . . . Piercing Weapon . | . . . Special Melee Weapon . | . . . Unidentified Prototypes 1 | . . 1 Parts Lost 3 | . . 3 Power . | . . . Propulsion 2 | . . 2 Utility 1 | . . 1 Weapon . | . . . Highest Loss Streak 2 | . . 2 Average Slot Usage (%) 82 | . 86 74 Engine 12 | . 14 11 Leg 12 | . 19 . Flight 13 | . 7 23 Device 8 | . 3 16 Storage 12 | . 14 11 Energy Gun 16 | . 24 . Launcher 4 | . 1 11 Naked Turns . | . . . Heaviest Build 13 | 10 10 13 Greatest Support 20 | 20 20 20 Greatest Overweight (x) 1 | . 1 . Average Overweight (x) . | . . . Largest Inventory Capacity 6 | 6 6 6 Average Capacity 5 | 5 6 6 Most Carried 6 | . 6 6 Average Carried 3 | . 3 4 Final Capacity 6 | 6 6 6 Final Carried 6 | . 6 5 Class Distribution -------------------- 61% | Mutant 38% | Scavenger-Mutant Dominant Class ---------------- Mutant | -10/Materials Scavenger-Mutant | -9/Materials Resources | -11 -10 -9 ----------- Run | Scr Mat Mat Matter Collected 260 | 151 79 30 Remotely . | . . . Salvage Created 253 | . 119 134 Parts 24 | . 10 14 Haulers Intercepted 1 | . 1 . Recyclers Shooed 1 | . 1 . Parts Field Recycled . | . . . Retrieved Matter . | . . . Parts Self-Destructed . | . . . Prevented . | . . . Kills | -11 -10 -9 ------- Run | Scr Mat Mat Combat Hostiles Destroyed 7 | . 3 4 Guns 3 | . 3 . AOE 4 | . . 4 Classes Destroyed 7 | . 4 3 Worker 2 | . 1 1 Hauler 1 | . 1 . Watcher 3 | . 1 2 Swarmer 3 | . 3 . Grunt 2 | . . 2 Brawler 1 | . . 1 Sentry 1 | . . 1 Best Kill Streak 4 | . 3 4 Combat Bots Only 4 | . 2 4 Max Kills in Single Turn 3 | . 2 3 Gunslinging 1 | . 1 . Exploded 3 | . . 3 Melee . | . . . Uniques/NPCs Destroyed . | . . . Combat | -11 -10 -9 -------- Run | Scr Mat Mat Damage Taken 267 | . 112 155 Core 30 | . 16 14 Absorbed by Shields . | . . . Core Remaining (%) 96 | 100 93 . Volleys Fired 26 | . 17 9 Largest 2 | . 2 2 Hottest 90 | . 90 60 Shots Fired 45 | . 34 11 Gun 34 | . 34 . Cannon . | . . . Launcher 11 | . . 11 Special . | . . . Kinetic . | . . . Thermal 34 | . 34 . Explosive 11 | . . 11 Electromagnetic . | . . . Robot Hit Streak 9 | . 9 4 Robot Miss Streak 4 | . 4 2 Penetration Max . | . . . Secondary Targets 2 | . 2 . Max Gunslinging Chain 1 | . 1 . Shots Hit Robots 25 | . 19 6 Core Hits 19 | . 7 12 Critical Hits . | . . . Critical Kills . | . . . Critical Parts Destroyed . | . . . Melee Attacks . | . . . Impact . | . . . Slashing . | . . . Piercing . | . . . Sneak Attacks . | . . . Combat Hostiles . | . . . Follow-up Attacks . | . . . Damage Inflicted 551 | . 176 375 Guns 176 | . 176 . Cannons . | . . . Explosions 375 | . . 375 Melee . | . . . Ramming . | . . . Kinetic . | . . . Thermal 176 | . 176 . Explosive 375 | . . 375 Electromagnetic . | . . . Impact . | . . . Slashing . | . . . Piercing . | . . . Highest Corruption 1 | . . 1 Average Corruption 1 | . . 1 Corruption Purged . | . . . Overload Shots . | . . . Overflow Damage 12 | . . 12 Projectiles . | . . . Explosions 12 | . . 12 Melee . | . . . Knockbacks . | . . . Impact . | . . . Kinetic . | . . . Secondary . | . . . Self-Inflicted Damage 30 | . . 30 Shots 2 | . . 2 Rammed . | . . . Targets Rammed . | . . . Kicked . | . . . Crushed . | . . . Highest Temperature 192 | . 192 2 Average Temperature 58 | . 59 2 Received Heat Transfer 9 | . . 9 Siege Activations . | . . . Robots Corrupted . | . . . Combat Hostiles . | . . . Parts Fried . | . . . Impact Corruptions . | . . . Robots Melted . | . . . Combat Hostiles . | . . . Parts Melted . | . . . Heat Transferred 471 | . 471 . Parts Sabotaged . | . . . Parts Stolen . | . . . Parts Stripped . | . . . Power Chain Reactions . | . . . Missiles Intercepted . | . . . Alert | -11 -10 -9 ------- Run | Scr Mat Mat Peak Influence 224 | . 119 224 Average Influence 81 | . 60 157 Maximum Alert Level 1 | . . 1 Low Security (%) 83 | . . . Level 1 16 | . . . Level 2 . | . . . Level 3 . | . . . Level 4 . | . . . Level 5 . | . . . High Security . | . . . Max Security . | . . . Squads Dispatched . | . . . Investigation . | . . . Extermination . | . . . Reinforcement . | . . . Assault . | . . . Garrison . | . . . Intercept . | . . . Construction Impeded . | . . . Haulers Reinforced . | . . . Stealth | -11 -10 -9 --------- Run | Scr Mat Mat Distress Signals 1 | . 1 . Communications Jammed . | . . . Distress Signals . | . . . Times Spotted 14 | . 6 8 Peak Tracking Total 4 | . 4 3 Tactical Retreats . | . . . Traps | -11 -10 -9 ------- Run | Scr Mat Mat Traps Triggered . | . . . Indirectly . | . . . Trap Hack Attempts . | . . . Triggered . | . . . Disarmed . | . . . Reprogrammed . | . . . Reused . | . . . Traps Extracted . | . . . Installed . | . . . Triggered . | . . . Machines | -11 -10 -9 ---------- Run | Scr Mat Mat Machines Disabled 2 | . . 2 Max in Single Turn 1 | . . 1 Machines Sabotaged . | . . . Garrisons Compromised . | . . . Overloaded Fab Kills . | . . . Fab Network Shutdowns . | . . . Hacking | -11 -10 -9 --------- Run | Scr Mat Mat Machines Accessed . | . . . Terminals . | . . . Fabricators . | . . . Repair Stations . | . . . Recycling Units . | . . . Scanalyzers . | . . . Garrison Access . | . . . Total Hacks . | . . . Successful . | . . . Failed . | . . . Catastrophic . | . . . Database Lockouts . | . . . Manual . | . . . Terminals . | . . . Fabricators . | . . . Repair Stations . | . . . Recycling Units . | . . . Scanalyzers . | . . . Garrison Access . | . . . Terminal Hacks . | . . . Fabricator Hacks . | . . . Repair Station Hacks . | . . . Recycling Unit Hacks . | . . . Scanalyzer . | . . . Garrison Access Hacks . | . . . Unauthorized Hacks . | . . . Terminals . | . . . Fabricators . | . . . Repair Stations . | . . . Recycling Units . | . . . Scanalyzers . | . . . Garrison Access . | . . . Data Cores Recovered . | . . . Used . | . . . Hacking Detections . | . . . Full Trace Events . | . . . Feedback Events . | . . . Feedback Blocked . | . . . Robot Schematics Acquired . | . . . Robots Built . | . . . Matter . | . . . Time . | . . . Total Robot Build Rating . | . . . Part Schematics Acquired . | . . . Parts Built . | . . . Matter . | . . . Time . | . . . Total Part Build Rating . | . . . Parts Repaired . | . . . Time . | . . . Parts Recycled . | . . . Recycled Matter . | . . . Retrieved Matter . | . . . Retrieved Components . | . . . Parts Scanalyzed . | . . . Part Schematics Acquired . | . . . Parts Damaged . | . . . Bothacking | -11 -10 -9 ------------ Run | Scr Mat Mat Used RIF Installer . | . . . Robots Hacked . | . . . Non-combat . | . . . Combat . | . . . Robot Hacks Applied . | . . . Relay Couplers Released . | . . . Robots Rewired . | . . . Allies Hacked . | . . . Hacks Repelled . | . . . Allies | -11 -10 -9 -------- Run | Scr Mat Mat Total Allies . | . . . Largest Group . | . . . Highest-Rated Group . | . . . Highest-Rated Ally . | . . . Total Orders . | . . . Ally Attacks . | . . . Total Damage . | . . . Kills . | . . . Allies Corrupted . | . . . Allies Melted . | . . . Intel | -11 -10 -9 ------- Run | Scr Mat Mat Robot Analysis Total . | . . . Derelict Logs Recovered . | . . . Drone Launches . | . . . Drone Recoveries . | . . . Exploration | -11 -10 -9 ------------- Run | Scr Mat Mat Turns Passed 434 | 54 254 126 Spaces Moved 340 | 43 209 88 Core 8 | 8 . . Treads . | . . . Legs 145 | 35 110 . Wheels . | . . . Hover . | . . . Flight 187 | . 99 88 Fastest Speed 34 | 50 37 34 Average Speed 77 | 106 88 35 Slowest Speed 120 | 120 120 37 Overloaded Moves . | . . . Propulsion Burnouts . | . . . Robots Hopped 1 | . 1 . Cave-ins Triggered 1 | . . 1 Exploration Rate (%) 17 | 3 32 16 Regions Visited 2 Branch Regions . Pre-discovered Areas . | . . . Known Exits Taken . | . . . Unknown Exits Taken 2 | 1 1 . Scrap Searched . | . . . Spaces Dug . | . . . Terrain Destroyed 64 | . . 64 Melee . | . . . Projectile . | . . . AOE 64 | . . 64 Actions | -11 -10 -9 --------- Run | Scr Mat Mat Total 464 | 48 245 171 Wait 61 | . . 61 Move 336 | 42 206 88 Hop 1 | . 1 . Pick Up 13 | . 10 3 Fast Attach 8 | 6 1 1 Attach 7 | . 3 4 Detach 2 | . 1 1 Swap 2 | . . 2 Drop 8 | . 6 2 Fire 26 | . 17 9 Melee . | . . . Ram . | . . . Kick . | . . . Crush . | . . . Escape Stasis . | . . . Rewire . | . . . Trap . | . . . Miscellaneous . | . . . Route ------- -11/Scrapyard -10/Materials -9/Materials History --------- Turn | Location | Event 6 | -11/Scrapyard | Discovered new exit (range 15) 55 | -11/Scrapyard | Entered Materials 188 | -10/Materials | Discovered new exit (range 15) 309 | -10/Materials | Entered another Materials area 309 | -9/Materials | Evolved 2 slots: Propulsion x1, Utility x1 430 | -9/Materials | Crushed by falling debris 435 | -9/Materials | Self-destructed Last Messages --------------- 00403_ U-05 Engineer lays Concrete. 00405_ K-01 Serf collects debris. 00405_ U-05 Engineer lays Concrete. 00407_ U-05 Engineer builds a Wall. 00408_ U-05 Engineer forms the Earth. 00416_ U-05 Engineer builds a Wall. 00425_ K-01 Serf collects debris. 00426_ U-05 Engineer lays Concrete. 00427_ Destroyed Hover Unit. 00428_ K-01 Serf collects debris. 00430_ The unstable cave ceiling collapses. 00430_ Crushed by falling debris. 00430_ Weight Redist. System destroyed. 00430_ System corrupted by crushing effect (+1). 00430_ U-05 Engineer lays Concrete. 00432_ K-01 Serf collects debris. 00433_ U-05 Engineer builds a Wall. 00433_ K-01 Serf destroyed. 00433_ W-16 Scout destroyed. 00434_ Flight Unit destroyed. Map ----- +----------------------------------------------------+ | ?????????????????????????????????????????? | | ?????????????????????????????????????????? | | ?????????????????????????????????????????? | | ?????????????????????????????????????????? | | ?????????????????????????????????????????? | | ?????????????????????????????????????????? | | ?????????????????????????????????????????? | | ?????????????????????????????????????????? | | ?????????????????????????????????????????? | | ?????????????????????????????????????????? | | ???????????????? ???????????????????????? | | ???????????????# ???????????????????????? | | ???????????????# ?######????????????????? | | ???????????????# ? ??????????????? | | ??????########## # ??????????????? | | ?????? ???????????????? | | ?????# ????????????????? | | ?????Y ????????????????? | | ?????# ?????????????????? | | ?????? *! ??????????????????? | | ???????? ???????????????????? | | ?????# ??! ??????#####?????????? | | ?????# +#######"T"########### | | ?????#### # ? | | ?????"""! = ? ???? | | ?????"T"! ! @###+#### "" #?????? | | ?? ^ ! # "Y #?????? | | ?? = # # # "" #?????? | | ?????????## u# """" # #?????? | | ??????????# # """" #] #?????? | | ??????????# ""# """" # ########?????? | | ?########## T"# # #????????????? | | # !![ # =u "##+##### ############## | | # """ ![[ #=%* | | # """ [ #u ######### | | # """ + !#### ##+####+########???????? | | # """ #= # #???????? | | # """ # ##### """ # """ #???????? | | # # ##???? "Y" ?# """ #???????? | | # | [###????? ?# """ #???????? | | ####### =%! #????# # #???????? | | ??????# * #????# # """ #???????? | | ??????# # #????######## """ #???????? | | ??????#######???????????# """ #???????? | | ????????????????????????? ????????? | | ?????????????????????????#########???????? | | ?????????????????????????????????????????? | | | | | | | +----------------------------------------------------+ Best States ------------- Heat Dissipation 28 Energy Generation 10 Energy Capacity 250 Matter Stores 270 Matter Capacity 300 Sight Range 16 Terrain Scan Density 10 Additional Mass Support 12 Evasion (%) 63 Item Schematics ----------------- None Robot Schematics ------------------ None Fabricated ------------ Nothing Alien Tech Used ----------------- None Achievements -------------- None Challenges ------------ None Game ------ Seed AlloyDataMicroactuators Manual? 0 Play Time 00:07:26 Cumulative 102.0 hours Start 2019.11.03 @ 12:17:25 End 2019.11.03 @ 12:22:46 Sessions 1 Manual Loads 0 Difficulty Rogue Special Mode None Game No. 167 Rogue 167 Adventurer 0 Explorer 0 Win Type - Total 0 Types 0/0/0/0/0/0/0 Lore% 31 Gallery% 48 Achievement% 34 Wizard Run 0 Options --------- ASCII 0 Keyboard 0 Movement Mouse Keybinds 0 Fullscreen 1 Font 18/SmallcapsGlow Map View 76x50 Tactical HUD 1 Map Filters NONE Filters NONE Steam 1 RUN: af331b1c-4bf7-499c-b70c-edd5eacbb9bc